AoeStats
← MisMi.GarreroJaguar

Arena

509894605Analyzed
1v1 RM · 3d ago on Sep 28, 2026· 50m 23s· 2 players
Game mode
Random Map
Map size
Tiny (2 player)
Population
200
Speed
Normal
Resources
Standard
Victory
Conquest
Starting age
Dark Age
Ending age
Imperial Age
RankedLock teamsTeams togetherTeam positionsShared explorationLock speedFull tech treeHidden civsTurbo modeCheats
Victory
Defeat
🇲🇽 Burgundians · Mexico
976
+16
🇪🇸 Teutons · Spain
976
-16
The Bear Jew
11:54 Feudal Age
12:22 Double-Bit Axe
17:07 Castle Age
16:58 Scale Barding Armor
17:06 Bloodlines
17:24 Stone Mining
18:17 Bow Saw
18:01 Horse Collar
19:24 Gold Mining
24:46 Chain Barding Armor
26:37 Wheelbarrow
25:48 Town Watch
25:49 Loom
30:48 Hand Cart
30:44 Heavy Plow
30:59 Forging
32:44 Iron Casting
33:44 Scale Mail Armor
35:34 Fletching
35:59 Chain Mail Armor
40:08 Imperial Age
39:04 Bodkin Arrow
39:37 Ballistics
40:11 Cavalier
41:44 Plate Barding Armor
42:10 Blast Furnace
44:44 Conscription
46:35 Chemistry
47:28 Onager
50:02 Plate Mail Armor
50:07 Elite Skirmisher
MisMi.GarreroJaguar
10:34 Feudal Age
15:08 Castle Age
13:07 Double-Bit Axe
15:43 Bow Saw
19:46 Loom
26:39 Horse Collar
29:30 Imperial Age
27:10 Pikeman
28:59 Wheelbarrow
28:45 Squires
28:47 Scale Mail Armor
28:58 Forging
31:32 Chemistry
31:12 Chain Mail Armor
31:11 Heavy Plow
32:28 Plate Mail Armor
33:21 Iron Casting
33:27 Crop Rotation
37:10 Blast Furnace
36:10 Padded Archer Armor
40:43 Two-Man Saw
41:26 Hand Cart
40:58 Town Watch
41:08 Stone Mining
41:10 Gold Mining
41:18 Halberdier
42:17 Leather Archer Armor
44:51 Guilds
Connection lost

Rejoining the realm…

Still unreachable

The connection could not be restored.

Session expired

The server has moved on; the page needs a fresh start.